 Dungeon Crawl Stone Soup version 0.30-a0-358-g0d69a1922f (webtiles) character file.

Game seed: 9707141945908149189

98 Maxmaps the Trooper (level 4, -1/34 HPs)
             Began as an Octopode Transmuter on Nov 10, 2022.
             Slain by a gnoll
             ... wielding a +0 flail
              (7 damage)
             ... on level 2 of the Dungeon.
             The game lasted 00:01:09 (1042 turns).

Maxmaps the Trooper (Octopode Transmuter)           Turns: 1042, Time: 00:01:09

Health: -1/34      AC:  1    Str:  9    XL:     4   Next: 69%
Magic:  7/7        EV:  7    Int: 17    God:
Gold:   116        SH:  0    Dex: 12    Spells: 6/7 levels left

rFire   . . .      SeeInvis .      - Unarmed
rCold   . . .      Faith    .    (no shield)
rNeg    . . .      Spirit   .    (helmet restricted)
rPois   .          Reflect  .    (no amulet)
rElec   .          Harm     .    (no ring)
rCorr   .          Rampage  .    (no ring)
Will    .....                    (no ring)
Stlth   ++........               (no ring)
HPRegen 0.25/turn                (no ring)
MPRegen 0.10/turn                (no ring)
                                 (no ring)
                                 (no ring)

@: held
A: almost no armour, amphibious, 8 rings, camouflage 1, gelatinous body 1,
(nimble swimmer 1), tentacles
a: no special abilities


You were on level 2 of the Dungeon.
You visited 1 branch of the dungeon, and saw 2 of its levels.

You collected 116 gold pieces.

Inventory:

Scrolls
 b - a scroll of immolation {unknown}
 c - 6 scrolls of identify {unknown}
 f - a scroll of enchant armour {unknown}
 g - a scroll of noise {unknown}
Potions
 a - a potion of lignification
 d - 2 potions of cancellation {unknown}
 e - a potion of degeneration {unknown}


   Skills:
 + Level 4.3 Fighting
 - Level 2.0 Dodging
 - Level 3.0 Unarmed Combat
 - Level 2.0 Spellcasting
 - Level 2.0 Transmutations


You had 6 spell levels left.
You knew the following spells:

 Your Spells              Type           Power      Damage    Failure   Level
a - Beastly Appendage     Tmut           16%        N/A       9%          1

Your spell library contained the following spells:

 Spells                   Type           Power      Damage    Failure   Level
 Wereblood                Tmut           8%         N/A       13%         2
 Spider Form              Tmut/Pois      5%         N/A       36%         3
 Ignite Poison            Fire/Tmut/Pois 3%         N/A       41%         3
 Kindle Blastsparks       Fire/Tloc/Air  2%         2d10      50%         3
 Ice Form                 Ice/Tmut       5%         N/A       77%         4
 Freezing Cloud           Conj/Ice/Air   0%         6-21      99%         5


Dungeon Overview and Level Annotations

Branches:
Dungeon (2/15)

Altars:


Innate Abilities, Weirdness & Mutations

You cannot wear most types of armour.
You are amphibious.
You can wear up to eight rings at the same time.
Your skin changes colour to match your surroundings (Stealth+).
Your rubbery body absorbs attacks. (AC +1, EV +1)
((You are camouflaged when in or above water. (Stealth+)))
You have tentacles for arms and can constrict up to eight enemies at once.


Message History

The adder is almost dead.
You constrict the adder. The adder closely misses you. The adder misses you.
You tentacle-slap the adder.
You kill the adder!
Things that are here:
5 stones; an adder corpse You start resting.
HP restored.
c - 6 scrolls labelled AQUWEI LOUNAO (gained 1)
Found 7 stones.
You pick up a Trismegistus Codex and begin reading...
You add the spells Kindle Blastsparks, Ignite Poison and Freezing Cloud to your library.
No target in view!
You see here 7 stones.
A gnoll comes into view.
It is wielding a +0 flail. 2 gnolls and a goblin come into view.
A gnoll is wielding a +0 vorpal spear.
The gnoll moves out of view.
The gnoll shouts!
The gnoll shouts!
You tentacle-slap the gnoll. You grab the gnoll. You squeeze the gnoll.
The gnoll is moderately wounded.
You constrict the gnoll.
A giant cockroach comes into view.
The gnoll hits you from afar with a +0 vorpal spear!
The gnoll hits you with a +0 flail!
You release your grip on the gnoll.
The gnoll throws a throwing net.
The throwing net hits you.
You become entangled in the net!
You see here a throwing net.
You struggle against the net.
The gnoll closely misses you.
You struggle against the net.
The gnoll hits you from afar with a +0 vorpal spear.
An endoplasm comes into view.
The gnoll hits you with a +0 flail.
* * * LOW HITPOINT WARNING * * *
Unknown command.
You struggle against the net.
The gnoll hits you from afar with a +0 vorpal spear.
* * * LOW HITPOINT WARNING * * *
x2 The gnoll hits you with a +0 flail!
You die...

...## #....#
§........ ####
#....#..........
# ####(†.# ....J.
# ###.# g.....
###
######.###......
..#
#..........B....
#.#####
#........g......
#.....#
#......g.g......
#####.#
#......@..######
#.## ######.####
#####..######...#
...........(....#
#######.........#
####...#### #...#
#...# #...#


You could see 3 gnolls, an endoplasm (wandering), a giant cockroach (wandering)
and a goblin.

Vanquished Creatures
  Natasha (D:2)
  4 adders (D:2)
  2 dart slugs
  4 bats
  2 endoplasms (D:1)
  5 giant cockroaches (D:1)
  2 goblins (D:1)
  4 hobgoblins
  A quokka (D:1)
  3 ball pythons
  3 frilled lizards (D:1)
  3 kobolds (D:1)
  A rat (D:1)
35 creatures vanquished.

Notes
Turn   | Place    | Note
-------+----------+-------------------------------------------
     0 | D:1      | Maxmaps the Octopode Transmuter began the quest for the
                  | Orb.
     0 | D:1      | Reached XP level 1. HP: 13/13 MP: 3/3
    92 | D:1      | Reached skill level 2 in Fighting
    92 | D:1      | Reached XP level 2. HP: 19/19 MP: 5/5
   636 | D:1      | Reached XP level 3. HP: 25/25 MP: 6/6
   704 | D:2      | Reached skill level 3 in Fighting
   878 | D:2      | Noticed Natasha
   887 | D:2      | Reached XP level 4. HP: 13/33 MP: 7/7
   892 | D:2      | Killed Natasha
   893 | D:2      | Reached skill level 4 in Fighting
  1042 | D:2      | Slain by a gnoll

Illustrated notes

Levels and vault maps discovered:
D:1:      minmay_arrival_floating_metal, layout_rooms
D:2:      layout_basic, shapermc_ecumenical_altar_flowoftime, serial_shops,
          shop, uniq_natasha

Skill      XL: |  1  2  3  4 |
---------------+-------------+-----
Fighting       | 2 3 4 |  4.3
Dodging        | |  2.0
Unarmed Combat | |  3.0
Spellcasting   | |  2.0
Transmutations | |  2.0

Action                   |  1- 3 |  4- 6 || total
-------------------------+-------+-------++-------
Melee: Unarmed           |    75 |    10 ||    85
       Tentacles         |    18 |     3 ||    21
       Constrict         |    19 |     3 ||    22
       Punch             |     1 |       ||     1
 Stab: Sleeping          |     9 |       ||     9
Armor: Skin              |     6 |     1 ||     7
Dodge: Dodged            |    55 |     9 ||    64

Table legend: (Time is in decaauts)
 A = Elapsed time spent in this place.
 B = Non-inter-level travel time spent in this place.
 C = Inter-level travel time spent in this place.
 D = Time resting spent in this place.
 E = Time spent auto-exploring this place.
 F = Levels seen in this place.
 G = Mean time per level.
                   A        B        C        D        E       F      G
               +--------+--------+--------+--------+--------+-----+--------+
         Total |   1037 |    999 |     38 |     86 |    665 |   2 |  518.5 |
       Dungeon |   1037 |    999 |     38 |     86 |    665 |   2 |  518.5 |
               +--------+--------+--------+--------+--------+-----+--------+

Top non-repeatable levels by time:
     D:1: 696 daAuts
     D:2: 340 daAuts
